 Dungeon Crawl Stone Soup version 0.30-a0-140-gd1020e658a (webtiles) character file.

Game seed: 139787994050692114

5821 jlumianski the Cleaver (level 10, -9/60 HPs)
             Began as a Gargoyle Gladiator on Sept 24, 2022.
             Was a Believer of Qazlal.
             Killed by divine providence
             ... invoked by an orc priest
              (16 damage)
             ... on level 10 of the Dungeon.
             The game lasted 00:47:45 (10276 turns).

jlumianski the Cleaver (Gargoyle Gladiator)        Turns: 10276, Time: 00:47:45

Health: -9/60      AC: 24    Str: 21    XL:     10   Next: 80%
Magic:  12/12      EV:  7    Int:  8    God:    Qazlal [**....]
Gold:   268        SH: 13    Dex: 11    Spells: 9/9 levels left

rFire   . . .      SeeInvis .    a - +1 war axe
rCold   . . .      Faith    .    g - +0 buckler
rNeg    + . .      Spirit   .    e - +0 plate armour
rPois   ∞          Reflect  +    (no helmet)
rElec   +          Harm     +    G - scarf {harm}
rCorr   .          Rampage  .    p - +1 pair of gloves
Will    .....                    M - +1 pair of boots
Stlth   ..........               D - amulet of reflection
HPRegen 0.20/turn                i - ring of flight
MPRegen 0.13/turn                (no ring)

@: about to teleport, flying
A: sickness immunity, AC +7, negative energy resistance 1, electricity
resistance, torment resistance 1, petrification resistance, dopey 1, mutation
resistance 1
a: Renounce Religion, Upheaval


You were on level 10 of the Dungeon.
You worshipped Qazlal.
Qazlal was pleased with you.
You visited 2 branches of the dungeon, and saw 12 of its levels.

You collected 538 gold pieces.
You spent 270 gold pieces at shops.

Inventory:

Hand Weapons
 a - a +1 war axe (weapon)
 w - a +2 vorpal sling
 z - a +1 flail of protection
 B - a +2 morningstar of holy wrath
Missiles
 d - 3 throwing nets
 f - 6 atropa-tipped darts
 n - 38 poisoned darts
 o - 10 boomerangs of dispersal
 r - a javelin (quivered)
 J - 4 curare-tipped darts
Armour
 c - a +0 helmet
 e - a +0 plate armour (worn)
 g - a +0 buckler (worn)
 p - a +1 pair of gloves (worn)
 y - a +0 ring mail
 A - a +0 cloak
 F - the +4 ring mail of Atheism {rCorr}
   (You found it on level 5 of the Dungeon)

   rCorr:     It protects you from acid and corrosion.
 G - a scarf of harm (worn)
 M - a +1 pair of boots (worn)
Jewellery
 b - a ring of see invisible
 i - a ring of flight (left hand)
 u - a +6 ring of intelligence
 C - a +6 ring of intelligence
 D - an amulet of reflection (around neck)
 O - an amulet of magic regeneration
Wands
 j - a wand of iceblast (11)
 H - a wand of flame (17)
 P - a wand of mindburst (20)
 R - a wand of paralysis (1)
Scrolls
 k - 2 scrolls of teleportation
 m - 2 scrolls of vulnerability
 K - a scroll of butterflies
 Q - 3 scrolls of identify
Potions
 h - a potion of cancellation
 l - 4 potions of curing
 q - 3 potions of degeneration
 s - a potion of attraction
 t - a potion of invisibility
 v - 2 potions of lignification
 x - 2 potions of flight
 E - 4 potions of haste
 I - a potion of magic
 L - a potion of heal wounds
 N - a potion of berserk rage
 S - a potion of mutation


   Skills:
 + Level 5.9 Fighting
 + Level 10.0 Axes
 + Level 3.3 Throwing
 + Level 5.7 Armour
 + Level 4.6 Dodging
 + Level 1.7 Stealth
 + Level 6.2 Shields
 * Level 3.1 Invocations
 * Level 2.2 Evocations


You had 9 spell levels left.
You didn't know any spells.
Your spell library contained the following spells:

 Spells                   Type           Power      Damage    Failure   Level
 Beastly Appendage        Tmut           0%         N/A       100%        1
 Sting                    Tmut/Pois      0%         1d3       100%        1
 Poisonous Vapours        Pois/Air       0%         N/A       100%        2
 Wereblood                Tmut           0%         N/A       100%        2
 Spider Form              Tmut/Pois      0%         N/A       100%        3
 Olgreb's Toxic Radiance  Pois           0%         N/A       100%        4


Dungeon Overview and Level Annotations

Branches:
Dungeon (11/15)            Temple (1/1) D:7
   Lair: D:8-11         Orc: D:9-12

Altars:
Ashenzari
Cheibriados
Dithmenos
Elyvilon
Fedhas
Gozag
Hepliaklqana
Kikubaaqudgha
Makhleb
Nemelex Xobeh
Okawaru
Qazlal
Ru
Sif Muna
Trog
Uskayaw
Vehumet
Wu Jian
Xom
Yredelemnul
Zin
The Shining One

Shops:
D:2 =   D:6 *   D:7 =[((

Annotations:
D:9 1 runed translucent door


Innate Abilities, Weirdness & Mutations

You are immune to sickness and miasma.
Your stone body is resilient. (AC +7)
You are immune to poison.
You resist negative energy. (rN+)
You are resistant to electric shocks. (rElec)
You are resistant to unholy torment.
You are immune to petrification.
You are dopey. (Int -2)
You are somewhat resistant to further mutation.


Message History

Okay, then.
Found 17 gold pieces.
You now have 251 gold pieces (gained 15).
You now have 268 gold pieces (gained 17).
HP restored.
You pick up a Young Poisoner's Handbook and begin reading...
You add the spells Sting, Poisonous Vapours and Olgreb's Toxic Radiance to your library.
An orc wizard comes into view. It is wielding a +5 dagger.
The orc wizard shouts!
A warg comes into view.
An orc priest comes into view.
It is wielding a +0 short sword and wearing a +0 scale mail of cold resistance.
An orc warrior comes into view. It is wielding a +0 flail.
Found a hand axe.
The warg howls!
The orc priest shouts!
The orc warrior shouts!
The orc priest grunts noisily, as Orcs often do.
The orc wizard points at you and mumbles some strange words.
You are confused.
An orc comes into view. It is wielding a +0 short sword.
You bump into the rock wall.
The orc shouts!
You hear a shout!
An orc comes into view. It is wielding a +0 hand axe.
You bump into the rock wall.
The warg attacks as you move away! The warg bites you but does no damage.
You're too confused to move!
The orc priest invokes the aid of Beogh against you.
Beogh smites you! The warg bites you!
An orc wizard comes into view. It is wielding a +0 dagger.
You bump into the rock wall.
The warg bites you! The warg closely misses you.
You bump into the rock wall.
You feel less confused.
The orc priest invokes the aid of Beogh against you.
Beogh smites you! The warg bites you but does no damage.
You hear a shout!
You completely miss the warg. You block the warg's attack.
As you read the scroll of teleportation, it crumbles to dust.
You feel strangely unstable. The warg bites you!
* * * LOW HITPOINT WARNING * * *
The orc priest calls down the wrath of Beogh upon you.
Beogh smites you!
You die...

#.#
#########.##
#...........
#.#######...
####.# #...
#....# #...
#.#### #...
####.# ####
#@...#
#h#### #o#
#o#


ooo # ##... ## ..... #. ...... #. ......# #. You could see a warg, an orc
warrior, an orc priest, 2 orc wizards and an orc.

Vanquished Creatures
  A two-headed ogre (D:10)
  The ghost of freelancePsychic the Cudgeller, a novice DsFi of Hepliaklqana (D:6)
  A troll (D:9)
  A shadow (D:10)
  Eustachio (D:3)
  Menkaure (D:5)
  Edmund (D:4)
  A water moccasin (D:7)
  Duvessa (D:7)
  An ice beast (D:7)
  2 sky beasts
  5 orc warriors
  2 black bears
  6 ogres
  A centaur (D:8)
  A phantom (D:5)
  6 bullfrogs
  5 kobold brigands
  2 necrophages
  A gnoll sergeant (D:7)
  2 scorpions
  5 wights (D:8)
  Dowan (D:7)
  4 killer bees (D:9)
  An electric eel (D:7)
  3 hounds
  3 jellies
  A human skeleton (D:9)
  4 orc priests
  5 iguanas
  Natasha (thrice) (D:4 D:3)
  6 orc wizards
  A mummy (D:9)
  9 adders
  3 gnolls
  An ufetubus (D:7)
  3 worms
  3 dart slugs
  25 orcs
  A bat (D:1)
  3 endoplasms
  3 giant cockroaches (D:2)
  8 goblins
  3 hobgoblins
  26 kobolds
  5 quokkas
  7 ball pythons
  2 frilled lizards
  A jackal skeleton (D:9)
  3 rats
186 creatures vanquished.

Vanquished Creatures (others)
  A gnoll (D:7)
  An orc (D:7)
2 creatures vanquished.

Grand Total: 188 creatures vanquished

Notes
Turn   | Place    | Note
-------+----------+-------------------------------------------
     0 | D:1      | jlumianski the Gargoyle Gladiator began the quest for the
                  | Orb.
     0 | D:1      | Reached XP level 1. HP: 12/12 MP: 1/1
   324 | D:1      | Reached skill level 3 in Axes
   324 | D:1      | Reached XP level 2. HP: 17/17 MP: 2/2
   337 | D:1      | Found a faded altar of an unknown god.
   797 | D:2      | Reached XP level 3. HP: 22/22 MP: 3/3
  1116 | D:2      | Found Lydghuom's One-of-a-Kind Rings.
  1757 | D:3      | Reached skill level 1 in Armour
  1757 | D:3      | Reached XP level 4. HP: 24/27 MP: 4/4
  1907 | D:4      | Noticed Edmund
  1914 | D:3      | Reached skill level 1 in Shields
  2311 | D:4      | Noticed a black bear
  2338 | D:3      | Killed a black bear
  2339 | D:3      | Reached skill level 4 in Axes
  2339 | D:3      | Reached XP level 5. HP: 30/32 MP: 5/5
  2374 | D:4      | Noticed Eustachio
  2566 | D:5      | Entered Level 5 of the Dungeon
  2654 | D:4      | Noticed Natasha
  2657 | D:4      | Killed Natasha
  2658 | D:4      | Reached XP level 6. HP: 37/37 MP: 6/6
  2667 | D:4      | Noticed a black bear
  2674 | D:4      | Killed a black bear
  2698 | D:4      | Noticed Natasha
  2709 | D:4      | Killed Natasha
  2792 | D:3      | Killed Eustachio
  2793 | D:3      | Reached skill level 5 in Axes
  2793 | D:3      | Reached skill level 1 in Stealth
  2793 | D:3      | Reached XP level 7. HP: 25/41 MP: 7/7
  2950 | D:4      | Noticed Natasha
  2960 | D:3      | Killed Natasha
  3408 | D:4      | Killed Edmund
  3720 | D:5      | Reached skill level 6 in Axes
  3749 | D:6      | Reached XP level 8. HP: 36/48 MP: 8/8
  4027 | D:5      | Identified the +4 ring mail of Atheism {rCorr}
  4130 | D:5      | Noticed Menkaure
  4145 | D:5      | Killed Menkaure
  4828 | D:5      | Reached skill level 7 in Axes
  5144 | D:6      | Found Palucw's Neck Hole.
  5152 | D:6      | Bought a scarf of harm for 90 gold pieces
  5212 | D:6      | Found a transporter.
  5214 | D:6      | Noticed freelancePsychic's ghost (novice DsFi)
  5232 | D:6      | Reached XP level 9. HP: 52/52 MP: 9/9
  5233 | D:6      | Found a transporter.
  5493 | D:6      | Killed freelancePsychic's ghost
  5689 | D:7      | Reached skill level 8 in Axes
  5702 | D:7      | Reached skill level 5 in Fighting
  5802 | D:7      | Found a staircase to the Ecumenical Temple.
  5820 | D:7      | Found a blossoming altar of Fedhas.
  5820 | D:7      | Found a hide-covered altar of Uskayaw.
  5820 | D:7      | Found a broken altar of Ashenzari.
  5820 | D:7      | Found a shimmering altar of Xom.
  5843 | Temple   | Entered the Ecumenical Temple
  6203 | D:7      | Found Koent's Antique Weapon Shoppe.
  6232 | D:7      | Noticed Dowan
  6263 | D:7      | Killed Dowan
  6540 | D:7      | Reached skill level 5 in Armour
  6586 | D:7      | Noticed Duvessa
  6600 | D:7      | Killed Duvessa
  7011 | D:7      | Found a sacrificial altar of Ru.
  7033 | D:7      | Found Oreunoth's Antique Armour Shoppe.
  7045 | D:7      | Found Qeaska's Jewellery Boutique.
  7049 | D:7      | Bought a ring of see invisible for 180 gold pieces
  7195 | D:7      | Found Fokizuem's Antique Weapon Emporium.
  7543 | D:8      | Found an opulent altar of Gozag.
  7545 | D:8      | Found a stormy altar of Qazlal.
  7553 | D:8      | Became a worshipper of Qazlal Stormbringer
  7597 | D:8      | Reached skill level 5 in Shields
  7674 | D:8      | Reached skill level 9 in Axes
  7761 | D:8      | Reached skill level 1 in Invocations
  7761 | D:8      | Reached XP level 10. HP: 57/59 MP: 10/10
  7819 | D:8      | Reached skill level 1 in Evocations
  8015 | D:8      | Reached * piety under Qazlal
  8060 | D:8      | Gained mutation: You are weak. (Str -2) [potion of
                  | mutation]
  8060 | D:8      | Gained mutation: You are dopey. (Int -2) [potion of
                  | mutation]
  8060 | D:8      | Gained mutation: You have a pair of small antennae on your
                  | head. [potion of mutation]
  8061 | D:8      | Lost mutation: You have a pair of small antennae on your
                  | head. [potion of mutation]
  8061 | D:8      | Lost mutation: You are weak. (Str -2) [potion of mutation]
  8061 | D:8      | Lost mutation: You are dopey. (Int -2) [potion of mutation]
  8061 | D:8      | Gained mutation: You are dopey. (Int -2) [potion of
                  | mutation]
  8061 | D:8      | Gained mutation: You are somewhat resistant to further
                  | mutation. [potion of mutation]
  9324 | D:9      | Found a snail-covered altar of Cheibriados.
  9330 | D:9      | Reached ** piety under Qazlal
  9361 | D:10     | Entered Level 10 of the Dungeon
  9760 | D:10     | Noticed a two-headed ogre
  9844 | D:9      | Found a runed translucent door.
  9862 | D:9      | Found a basalt altar of Yredelemnul.
 10013 | D:10     | Killed a two-headed ogre
 10014 | D:10     | Reached skill level 10 in Axes
 10276 | D:10     | Killed from afar by an orc priest

Illustrated notes

Levels and vault maps discovered:
D:1:      dpeg_arrival_shelter, layout_rooms, basic_ecumenical_altar
D:2:      layout_basic, minmay_misc_feat_secret_circle,
          nicolae_shop_unique_rings, minmay_crystal_room
D:3:      layout_rooms, nicolae_figureground_pulse
D:4:      layout_rooms, uniq_eustachio, uniq_natasha, uniq_edmund
D:5:      minmay_opposing_rooms, layout_rooms, uniq_menkaure
D:6:      layout_cave_pools, gammafunk_ghost_smash,
          nicolae_shop_sticking_my_neck_out
D:7:      layout_basic, grunt_temple_overflow_cloverleaf,
          nicolae_ru_sacrificial_ziggurat, minmay_temple_entry_glassed_door,
          serial_shops, shop, nicolae_shop_statue_plus, shop,
          nicolae_inconvenience_store, uniq_duvessa
D:8:      layout_loops_ring, grunt_temple_overflow_open,
          minmay_unpleasant_kobolds
D:9:      layout_loops_ring, slow_altar_2, dk_yredelemnul_ordeal,
          serial_co_window_serial, co_window_paths_a, co_window_corner_a,
          co_window_cross_1, co_window_paths_a, co_window_corner_a,
          co_window_of_opportunity_b, co_window_corner_cb, co_window_broadway_a,
          co_window_broadway_c, glass_columns_a
D:10:     layout_basic, erik_lair_orcish_takeover, serial_shops, shop,
          nicolae_trove_entry_diagonal
D:11:     layout_irregular_city, hiddenorc2_lemuel
Temple:   hellmonk_temple_forest_ring

Skill      XL: |  1  2  3  4  5  6  7  8  9 10 |
---------------+-------------------------------+-----
Axes           | 3 4 5 6 7 9 10 | 10.0
Armour         | 1 2 3 4 5 |  5.7
Shields        | 1 2 3 5 6 |  6.2
Dodging        | 3 4 |  4.6
Fighting       | 3 4 5 |  5.9
Stealth        | 1 |  1.7
Throwing       | 2 3 |  3.3
Invocations    | 1 3 |  3.1
Evocations     | 2 |  2.2

Action                   |  1- 3 |  4- 6 |  7- 9 | 10-12 || total
-------------------------+-------+-------+-------+-------++-------
Melee: War axe           |   102 |    72 |   360 |   198 ||   732
Throw: Dart              |       |     5 |    28 |       ||    33
       Throwing net      |       |       |     1 |       ||     1
       Javelin           |       |       |       |     4 ||     4
  Use: Scroll            |     3 |     6 |    12 |     1 ||    22
       Potion            |       |     1 |     3 |     2 ||     6
 Stab: Sleeping          |     1 |       |       |       ||     1
Armor: Leather armour    |    51 |    69 |    17 |       ||   137
       Ring mail         |       |       |   134 |     5 ||   139
       Plate armour      |       |       |       |    85 ||    85
Dodge: Dodged            |    69 |    73 |   133 |    38 ||   313
Block: Buckler           |    14 |    20 |   117 |    99 ||   250
       Reflection        |       |       |     6 |     4 ||    10

Table legend: (Time is in decaauts)
 A = Elapsed time spent in this place.
 B = Non-inter-level travel time spent in this place.
 C = Inter-level travel time spent in this place.
 D = Time resting spent in this place.
 E = Time spent auto-exploring this place.
 F = Levels seen in this place.
 G = Mean time per level.
                   A        B        C        D        E       F      G
               +--------+--------+--------+--------+--------+-----+--------+
         Total |  10423 |  10221 |    202 |   1316 |   5064 |  12 |  868.6 |
       Dungeon |  10232 |  10030 |    202 |   1316 |   4933 |  11 |  930.2 |
        Temple |    191 |    191 |      0 |      0 |    131 |   1 |  191.0 |
               +--------+--------+--------+--------+--------+-----+--------+

Top non-repeatable levels by time:
     D:7: 1693 daAuts
     D:3: 1469 daAuts
     D:8: 1252 daAuts
     D:5: 1227 daAuts
     D:9: 1155 daAuts
     D:6: 805 daAuts
     D:4: 793 daAuts
     D:1: 742 daAuts
     D:2: 736 daAuts
    D:10: 355 daAuts
  Temple: 191 daAuts
    D:11: 1 daAuts
